 Dungeon Crawl Stone Soup version 0.19.0-11-g3fc08b3 (webtiles) character file.

466 Stormleaks the Covert (level 6, -4/46 HPs)
             Began as a Vampire Assassin on Nov 8, 2016.
             Slain by Menkaure (22 damage)
             ... on level 5 of the Dungeon.
             The game lasted 00:29:15 (5849 turns).

Stormleaks the Covert (Vampire Assassin)            Turns: 5849, Time: 00:29:16

Health: -4/46      AC:  4    Str: 10    XL:     6   Next: 81%
Magic:  6/6        EV: 14    Int: 14    God:
Gold:   131        SH:  0    Dex: 17    Spells: 0 memorised, 5 levels left

rFire  . . .     SeeInvis +     q - +2 dagger (venom)
rCold  . . .     Gourm    .     c - +0 robe
rNeg   + . .     Faith    .     (no shield)
rPois  .         Spirit   .     (no helmet)
rElec  .         Reflect  .     d - +1 cloak
rCorr  .         Harm     .     (no gloves)
MR     .....                    (no boots)
Stlth  ++++......               (no amulet)
                                (no ring)
                                (no ring)

@: no status effects
A: fangs 3, see invisible, unbreathing
a: Bat Form


You were on level 5 of the Dungeon.
You were not thirsty.

You visited 1 branch of the dungeon, and saw 5 of its levels.

You collected 131 gold pieces.

Inventory:

Hand Weapons
 a - a +2 dagger
 b - a +0 blowgun
 g - a +4 quarterstaff of chaos
 q - a +2 dagger of venom (weapon)
Missiles
 e - 33 poisoned needles
 f - 2 curare-tipped needles
Armour
 c - a +0 robe (worn)
 d - a +1 cloak (worn)
 k - a +0 cloak
 p - the +5 ring mail "Jutyhe" {Int+6 Dex+4, unknown}
   (You found it on level 4 of the Dungeon)

   It affects your intelligence (+6).
   It affects your dexterity (+4).
Jewellery
 h - an uncursed ring of ice {unknown}
 n - an uncursed ring of magical power
 o - a cursed ring of teleportation
 s - a +3 ring of strength
Wands
 l - a wand of lightning (0/15)
 m - a wand of polymorph (8/24)
Scrolls
 j - 4 scrolls of recharging
Comestibles
 i - 3 fruits


   Skills:
 + Level 2.6 Fighting
 + Level 4.4 Short Blades
 + Level 2.4 Throwing
 + Level 3.4 Dodging
 + Level 8.8 Stealth


You had 5 spell levels left.
You didn't know any spells.

Dungeon Overview and Level Annotations

Branches:
Dungeon (5/15)
 Temple: D:4-7

Altars:
Ashenzari
Elyvilon
Kikubaaqudgha
Okawaru
Ru
Trog
Zin
The Shining One

Annotations:
D:5 Jackal2k's ghost, novice TrBe; Menkaure


Innate Abilities, Weirdness & Mutations

You have razor-sharp teeth.
You have supernaturally acute eyesight. (SInv)
You can survive without breathing.


Message History

Menkaure is severely damaged.
Evoking this partially-identified wand wasted a few charges.
Menkaure giggles, "These cerements are ticklish..."
Menkaure calls on the powers of darkness!
Your body is wracked with pain!
Unknown command.
Evoke which item? (* to show all) (? for menu, Esc to quit)
Zapping:
m - a wand of polymorph {zapped: 3} (will waste charges)
Press: ? - help, Shift-Dir - straight line, f/p - Menkaure
Aim: Menkaure (severely damaged, fast, chance to defeat MR: 46%) Menkaure is unaffected.
Evoking this partially-identified wand wasted a few charges.
Menkaure barely misses you.
You hit Menkaure.
Menkaure is severely damaged.
Menkaure casts a spell.
You hit Menkaure. Your bite misses Menkaure.
Menkaure is almost destroyed.
Menkaure hits you!!
You die...

###
#..!############.#
##................#
.......@M.....#
#%#.#########.# #.#
#.# #######.#
........##########
###.....M.....M...
##.###.##########
###...##.###!.. #


You could see Menkaure.

Vanquished Creatures
  An ogre (D:4)
  Blork the orc (D:4)
  Crazy Yiuf (D:3)
  A centaur skeleton (D:4)
  Jessica (D:3)
  Ijyb (D:2)
  3 worker ants (D:4)
  6 adders
  2 worms
  A dart slug (D:1)
  An orc (D:4)
  6 giant cockroaches
  12 goblins
  9 hobgoblins
  4 jackals (D:4)
  4 kobolds
  2 quokkas
  2 ball pythons (D:2)
  8 bats
  3 frilled lizards
  12 rats
  2 fungi (D:3)
83 creatures vanquished.

Notes
Turn   | Place    | Note
-------+----------+-------------------------------------------
     0 | D:1      | Stormleaks the Vampire Assassin began the quest for the Orb.
     0 | D:1      | Reached XP level 1. HP: 16/16 MP: 1/1
    41 | D:1      | Reached skill level 6 in Stealth
   351 | D:1      | Reached XP level 2. HP: 19/22 MP: 2/2
   813 | D:2      | Reached skill level 7 in Stealth
   813 | D:2      | Reached XP level 3. HP: 27/27 MP: 3/3
   924 | D:2      | Noticed Ijyb
   929 | D:2      | Killed Ijyb
   962 | D:2      | Reached XP level 4. HP: 32/33 MP: 4/4
  1221 | D:2      | Found a bloodstained altar of Trog.
  1360 | D:3      | Found a glowing golden altar of the Shining One.
  1360 | D:3      | Found a white marble altar of Elyvilon.
  1361 | D:3      | Found a glowing silver altar of Zin.
  1650 | D:3      | Noticed Jessica
  1670 | D:3      | Killed Jessica
  2295 | D:3      | Found a runed door.
  2299 | D:3      | Noticed Crazy Yiuf
  2383 | D:3      | Reached skill level 8 in Stealth
  2383 | D:3      | Reached XP level 5. HP: 18/38 MP: 5/5
  3089 | D:3      | Killed Crazy Yiuf
  4673 | D:4      | Noticed an ogre
  4911 | D:4      | Found an ancient bone altar of Kikubaaqudgha.
  4913 | D:4      | Found a sacrificial altar of Ru.
  4915 | D:4      | Found an iron altar of Okawaru.
  4926 | D:4      | Noticed Blork the orc
  4944 | D:4      | Killed Blork the orc
  4944 | D:4      | Reached XP level 6. HP: 34/46 MP: 6/6
  5026 | D:4      | Found a shattered altar of Ashenzari.
  5566 | D:4      | Got a faintly glowing ring mail
  5789 | D:5      | Entered Level 5 of the Dungeon
  5789 | D:5      | Noticed Jackal2k's ghost (novice TrBe)
  5805 | D:5      | Noticed Menkaure
  5849 | D:5      | Slain by Menkaure

Skill      XL: |  1  2  3  4  5  6 |
---------------+-------------------+-----
Stealth        | 6 7 8 |  8.8
Fighting       | 2 |  2.6
Short Blades   | 3 4 |  4.4
Dodging        | 2 3 |  3.4
Throwing       | 2 |  2.4

Action                   |  1- 3 |  4- 6 || total
-------------------------+-------+-------++-------
Melee: Dagger            |    95 |   183 ||   278
       Bite              |     4 |    24 ||    28
       Blowgun           |       |     1 ||     1
       Quarterstaff      |       |     3 ||     3
 Fire: Blowgun           |       |    20 ||    20
Throw: Throwing net      |       |     1 ||     1
Evoke: Wand              |       |     6 ||     6
  Use: Scroll            |     3 |     6 ||     9
       Potion            |     3 |     3 ||     6
 Stab: Sleeping          |     6 |    14 ||    20
  Eat: Corpse            |       |     9 ||     9
Armor: Robe              |    29 |    30 ||    59
Dodge: Dodged            |    58 |    88 ||   146
